 Dungeon Crawl Stone Soup version 0.31.0-32-g396128a36d (webtiles) character file.

Game seed: 99071837860331892

284 cdecastro the Trooper (level 6, -3/57 HPs)
             Began as an Armataur Warper on Apr 11, 2024.
             Was a Believer of Lugonu.
             Slain by an orc priest
             ... wielding a +0 whip
              (4 damage)
             ... on level 4 of the Dungeon.
             The game lasted 00:05:55 (3373 turns).

cdecastro the Trooper (Armataur Warper)             Turns: 3373, Time: 00:05:55

Health: -3/57      AC:  9    Str: 18    XL:     6   Next: 7%
Magic:  8/8        EV:  5    Int: 14    God:    Lugonu [**....]
Gold:   138        SH:  0    Dex:  9    Spells: 8/8 levels left

rFire   . . .        a - +0 mace
rCold   . . .        (no shield)
rNeg    . . .        l - +0 chain mail
rPois   .            f - +0 helmet
rElec   .            (no cloak)
rCorr   .            k - +0 pair of gloves
SInv    .            (no barding)
Will    .....        (no amulet) Stlth
                     (no ring)
HPRegen 0.29/turn    (no ring)
MPRegen 0.11/turn

%: roll
@: no status effects
A: large, deformed body, tough skin 3, armoured tail, roll 1
a: Renounce Religion, Depart the Abyss, Banish


You were on level 4 of the Dungeon.
You worshipped Lugonu.
Lugonu was pleased with you.
You visited 1 branch of the dungeon, and saw 4 of its levels.

You collected 180 gold pieces.
You spent 42 gold pieces at shops.

Inventory:

Hand Weapons
 a - a +0 mace (weapon)
Missiles
 d - 7 darts of dispersal (quivered)
 o - 6 boomerangs
Armour
 f - a +0 helmet (worn)
 j - a +0 ring mail
 k - a +0 pair of gloves (worn)
 l - a +0 chain mail (worn)
Wands
 b - a wand of paralysis (6)
Scrolls
 c - 2 scrolls of enchant armour {unknown}
 e - 3 scrolls of identify {unknown}
 g - 2 scrolls of fear {unknown}
 h - a scroll of immolation {unknown}
 m - a scroll of poison {unknown}
 q - a scroll of brand weapon {unknown}
 s - a scroll of enchant weapon {unknown}
 t - a scroll of silence {unknown}
Potions
 i - 4 potions of enlightenment {unknown}
 n - 2 potions of berserk rage {unknown}
 p - 4 potions of heal wounds {unknown}
 r - 2 potions of curing


   Skills:
 * Level 5.9 Fighting
 - Level 1.7 Maces & Flails
 - Level 0.8 Throwing
 - Level 1.2 Armour
 - Level 1.3 Dodging
 - Level 1.7 Spellcasting
 - Level 3.0 Translocations


You had 8 spell levels left.
You didn't know any spells.
Your spell library contained the following spells:

 Spells                   Type           Power      Damage    Failure   Level
 Blink                    Tloc           18%        N/A       73%         2
 Lesser Beckoning         Tloc           18%        N/A       73%         2
 Teleport Other           Tloc           9%         N/A       91%         3
 Volatile Blastmotes      Fire/Tloc      10%        2d10      99%         3
 Dazzling Flash           Conj/Hex       2%         N/A       100%        3
 Inner Flame              Hex/Fire       1%         N/A       100%        3
 Manifold Assault         Tloc           9%         N/A       100%        4
 Vhi's Electric Charge    Tloc/Air       10%        N/A       100%        4
 Irradiate                Conj/Alch      0%         3d11      100%        5
 Starburst                Conj/Fire      0%         6d3       100%        6
 Ignition                 Fire           0%         3d3       100%        8
 Maxwell's Capacitive Co  Air            0%         ∞         100%        8


Dungeon Overview and Level Annotations

Branches:
Dungeon (4/15)
 Temple: D:4-7

Altars:
Wu Jian
Lugonu

Shops:
D:4 !

Annotations:
D:3 not done
D:4 1 runed translucent door, flammie80's ghost, weakling FoMo


Innate Abilities, Weirdness & Mutations

Armour fits poorly on your strangely shaped body.
You have extremely tough skin. (AC +3)
You have a long armoured tail.
You regenerate magic when rolling toward enemies. (Rampage MPRegen)


Message History

You barely miss the orc priest.
The orc priest is heavily wounded.
The orc hits you with a +0 club.
* * * LOW HITPOINT WARNING * * *
The orc priest invokes the aid of Beogh against you.
Pain shoots through your body!
* * * LOW HITPOINT WARNING * * *
The orc hits you but does no damage. x2; The orc hits you with a +0 club.
* * * LOW HITPOINT WARNING * * *
The orc hits you but does no damage. The orc priest hits you with a +0 whip.
* * * LOW HITPOINT WARNING * * *
The orc hits you with a +0 club.
* * * LOW HITPOINT WARNING * * *
The orc attacks as it pursues you! The orc hits you but does no damage.
The orc hits you but does no damage. The orc attacks as it pursues you!
The orc barely misses you.
You hit the orc.
The orc is heavily wounded.
The orc hits you with a +0 club.
* * * LOW HITPOINT WARNING * * *
The orc hits you but does no damage.
Okay, then.
Okay, then.
You feel better. The orc hits you but does no damage.
Unknown command.
You closely miss the orc priest.
The orc priest is heavily wounded.
The orc closely misses you. The orc barely misses you.
The orc priest hits you but does no damage.
The orc barely misses you.
You barely miss the orc priest. You tail-slap the orc priest.
You punch the orc priest, but do no damage.
The orc priest is severely wounded.
The orc hits you but does no damage.
The orc priest invokes the aid of Beogh against you.
Beogh smites you!
* * * LOW HITPOINT WARNING * * *
The orc completely misses you. The orc hits you but does no damage.
The orc priest hits you with a +0 whip.
You die...

#########
..?.....###################
........#oo................
.......)oo@.......)........
........#####.........##..#
......... #....##...# ..#
########.. +....##...##..#
... #######.......# ....
#.......# ..... #.......#
####.. #.......# #...###+#


You could see an orc priest and 3 orcs.

Vanquished Creatures
  2 jellies
  Ijyb (D:3)
  An iguana (D:4)
  Terence (D:2)
  3 gnolls (D:3)
  3 adders (D:2)
  2 ribbon worms (D:2)
  4 dart slugs
  2 orcs (D:4)
  7 ball pythons
  9 endoplasms
  4 giant cockroaches
  7 goblins
  6 hobgoblins
  6 quokkas
  5 bats
  2 frilled lizards
  8 kobolds
  3 rats
76 creatures vanquished.

Notes
Turn   | Place    | Note
-------+----------+-------------------------------------------
     0 | D:1      | cdecastro the Armataur Warper began the quest for the Orb.
     0 | D:1      | Reached XP level 1. HP: 17/17 MP: 3/3
    60 | D:1      | Reached skill level 2 in Fighting
    97 | D:1      | Reached XP level 2. HP: 14/25 MP: 4/4
   217 | D:1      | Found a faded altar of an unknown god.
   229 | D:1      | Prayed at the altar of an unknown god.
   229 | D:1      | Became a worshipper of Lugonu the Unformed
   229 | D:1      | Reached * piety under Lugonu
   362 | D:1      | Reached skill level 3 in Fighting
   550 | D:1      | Reached XP level 3. HP: 31/31 MP: 5/5
   727 | D:2      | Noticed Terence
   743 | D:2      | Killed Terence
   893 | D:2      | Reached skill level 4 in Fighting
   893 | D:2      | Reached XP level 4. HP: 29/40 MP: 6/6
  1327 | D:1      | Reached ** piety under Lugonu
  2286 | D:3      | Noticed Ijyb
  2297 | D:3      | Paralysed by Ijyb for 5 turns
  2310 | D:3      | Paralysed by Ijyb for 5 turns
  2318 | D:3      | Killed Ijyb
  2319 | D:3      | Reached XP level 5. HP: 29/47 MP: 7/7
  2497 | D:3      | Reached skill level 5 in Fighting
  2918 | D:4      | Found an ornate altar of the Wu Jian Council.
  3255 | D:4      | Found Qunaciri's Distillery.
  3268 | D:4      | Reached XP level 6. HP: 57/57 MP: 8/8
  3275 | D:4      | Bought a potion of curing for 42 gold pieces
  3287 | D:4      | Found a runed translucent door.
  3293 | D:4      | Noticed flammie80's ghost (weakling FoMo)
  3373 | D:4      | HP: 1/57 [orc priest/divine providence (14)]
  3373 | D:4      | Slain by an orc priest

Illustrated notes

Levels and vault maps discovered:
D:1:      dpeg_arrival_boxes_within_box, layout_rooms,
          shapermc_ecumenical_altar_flowoftime, nicolae_titane
D:2:      layout_basic, uniq_terence
D:3:      layout_loops_ring, nicolae_ru_the_path_less_chosen,
          nicolae_overflow_hidden_temple, uniq_ijyb
D:4:      layout_gridville, nzn_wu_jian_contemplation, lemuel_round_altar,
          kennysheep_mini_moat, mainiacjoe_sewer_entry_somewhere_in_here_2,
          ebering_ghost_sewer_d, serial_shops, nicolae_shop_industrial_runoff,
          amcnicky_mini_pool_small

Skill      XL: |  1  2  3  4  5 |
---------------+----------------+-----
Fighting       | 2 3 4 5 |  5.9
Maces & Flails | |  1.7
Throwing       | |  0.8
Armour         | |  1.2
Dodging        | |  1.3
Spellcasting   | |  1.7
Translocations | |  3.0

Action                     |  1- 3 |  4- 6 || total
---------------------------+-------+-------++-------
  Melee: Mace              |    86 |   182 ||   268
         Tailslap          |    11 |    33 ||    44
         Punch             |     2 |     5 ||     7
    Use: Scroll            |       |     1 ||     1
         Potion            |       |     1 ||     1
   Stab: Sleeping          |     1 |       ||     1
 Armour: Leather armour    |    56 |       ||    56
         Ring mail         |    14 |       ||    14
         Chain mail        |       |   223 ||   223
  Dodge: Dodged            |    35 |    69 ||   104
